Map: Blood Boil LE

Players

Dutchkid - Winner!

  • Race: Zerg Zerg
  • League: Diamond
  • Spawn Location: 11:00

Morpheus

  • Race: Terran Terran
  • League: Diamond
  • Spawn Location: 5:00

VOD

Have the link to the VOD?

Description

Time

  • Played on: July 18, 2017, 1:56 p.m.
  • Length: 19:02
Show
View Real Time Build Order
Export as new Build Order

Dutchkid Zerg - Winner!

Build Orders: Hatch First 

Get SALT Encoding   

  12  0:00  Unknown  
  12  0:01  Drone  
  13  0:12  Overlord  
  13  0:17  Drone  
  14  0:30  Drone x2  
  14  0:34  Drone  
  17  0:52  Hatchery  
  17  0:55  Drone  
  17  1:02  Extractor, Drone  
  17  1:15  Spawning Pool  
  16  1:20  Drone  
  16  1:22  Drone  
  18  1:28  Drone  
  19  1:39  Overlord  
  19  1:50  Drone  
  20  2:02  Queen  
  20  2:04  Queen  
  20  2:05  Zergling x2  
  20  2:06  Zergling x2  
  26  2:09  Metabolic Boost  
  26  2:15  Drone  
  27  2:17  Drone  
  28  2:23  Drone  
  29  2:34  Drone x2  
  31  2:42  Queen  
  31  2:44  Overlord  
  33  2:50  Drone  
  33  2:51  Drone  
  35  2:57  Drone  
  36  3:09  Queen  
  38  3:14  Drone  
  38  3:15  Drone x4  
  38  3:16  Drone  
  38  3:18  Overlord  
  38  3:19  Overlord  
  44  3:32  Baneling Nest  
  43  3:38  Extractor  
  43  3:39  Drone  
  43  3:43  Extractor  
  42  3:48  Zergling x4  
  42  3:49  Zergling x6  
  47  3:55  Drone  
  47  3:56  Drone x2  
  47  3:57  Drone  
  47  3:58  Drone x2  
  53  4:11  Queen, Overlord  
  53  4:12  Overlord  
  53  4:16  Lair  
  55  4:21  Zergling x6  
  55  4:22  Zergling x4  
  60  4:27  Hatchery  
  59  4:31  Evolution Chamber  
  59  4:32  Evolution Chamber  
  59  4:34  Spore Crawler  
  59  4:35  Drone x2  
  59  4:37  Drone  
  59  4:39  Drone  
  60  4:59  Zergling x8  
  65  5:00  Zergling x2  
  65  5:01  Baneling x3  
  65  5:02  Baneling x3  
  65  5:05  Zerg Melee Weapons Level 1, Zerg Ground Armor Level 1  
  65  5:13  Extractor  
  64  5:25  Drone x3  
  64  5:26  Spore Crawler, Drone  
  64  5:27  Drone  
  69  5:28  Drone x3  
  69  5:29  Drone x3  
  74  5:40  Overlord x2  
  74  5:48  Hydralisk Den  
  73  5:58  Queen  
  71  6:14  Drone  
  71  6:15  Drone x9  
  79  6:19  Hatchery  
  68  6:32  Spore Crawler  
  64  6:40  Zergling x20  
  72  6:58  Drone x4  
  72  7:00  Extractor  
  74  7:02  Baneling  
  74  7:03  Baneling x6  
  73  7:17  Drone x3  
  73  7:19  Drone x5  
  81  7:33  Drone  
  81  7:34  Drone x6  
  88  7:38  Muscular Augments  
  88  7:40  Zerg Melee Weapons Level 2  
  88  7:42  Zerg Missile Weapons Level 1  
  88  7:43  Centrifical Hooks  
  88  7:51  Zergling x4, Hydralisk x4  
  89  7:54  Overlord x3  
  89  7:55  Overlord x2  
  98  8:04  Drone x4  
  102  8:07  Extractor  
  102  8:08  Drone  
  102  8:14  Zergling x4  
  102  8:15  Zergling x2  
  105  8:20  Hydralisk x4  
  105  8:24  Hydralisk  
  105  8:25  Hydralisk x4  
  123  8:32  Drone x3  
  127  8:34  Extractor, Drone x3  
  127  8:41  Infestation Pit  
  127  8:46  Overlord x5  
  127  8:48  Hydralisk x3  
  127  8:50  Zergling x2  
  127  8:51  Zergling x2  
  127  9:28  Zergling x22, Hydralisk x5  
  127  9:29  Zergling x2, Hydralisk  
  127  9:30  Zergling x6  
  154  9:37  Spore Crawler  
  153  9:38  Hydralisk  
  153  9:39  Hydralisk x2  
  150  9:53  Hydralisk x3  
  150  9:54  Zergling x6  
  140  10:10  Zergling x8  
  140  10:11  Zergling x4  
  137  10:14  Baneling x2  
  137  10:15  Baneling x2  
  126  10:37  Zergling x2  
  126  10:38  Zergling x12  
  123  10:45  Hydralisk x4  
  123  10:46  Hydralisk  
  127  10:55  Queen  
  127  10:56  Drone x2  
  127  10:57  Drone  
  132  10:59  Hive  
  128  11:13  Hatchery  
  128  11:15  Zergling x12  
  128  11:16  Zergling x4  
  135  11:20  Pneumatized Carapace  
  135  11:21  Overseer x4  
  135  11:36  Hydralisk  
  135  11:37  Hydralisk x4  
  135  11:38  Zergling x8  
  149  11:41  Pathogen Glands  
  149  11:42  Zerg Missile Weapons Level 2  
  149  11:43  Zerg Ground Armor Level 2  
  149  11:58  Drone x4  
  149  11:59  Drone  
  154  12:03  Spore Crawler  
  136  12:11  Zergling x18  
  135  12:16  Baneling x9  
  135  12:18  Zergling x2  
  134  12:29  Zergling x10  
  140  12:30  Zergling x2, Ultralisk Cavern  
  140  12:32  Baneling x2  
  140  12:36  Zergling x6  
  140  12:37  Zergling x2  
  136  12:50  Zergling x8  
  131  12:51  Baneling  
  131  12:52  Baneling x6  
  131  12:54  Queen  
  131  12:58  Extractor  
  132  13:06  Zergling x14  
  120  13:22  Zergling x2  
  120  13:23  Zergling x14  
  126  13:34  Drone x2  
  126  13:35  Drone x2  
  126  13:36  Drone x6  
  126  13:38  Overlord x3  
  136  13:42  Hatchery  
  135  13:49  Chitinous Plating  
  135  13:51  Ultralisk x4  
  135  13:52  Zergling x2, Ultralisk  
  166  14:08  Baneling  
  166  14:09  Baneling x9  
  166  14:10  Zergling x2, Baneling x2  
  166  14:11  Zergling x16  
  175  14:20  Zergling x18  
  175  14:21  Ultralisk  
  175  14:23  Zergling x2  
  184  14:40  Zerg Melee Weapons Level 3  
  184  14:41  Zerg Ground Armor Level 3  
  184  14:45  Adrenal Glands  
  184  15:01  Zergling x12, Hydralisk x3  
  158  15:18  Ultralisk x4  
  158  15:19  Zergling x6  
  145  15:50  Ultralisk, Hydralisk  
  145  15:51  Extractor, Ultralisk x2, Hydralisk  
  145  15:52  Zergling x4, Extractor  
  167  15:58  Baneling x8  
  167  15:59  Baneling x2  
  167  16:03  Zergling x2  
  168  16:04  Zergling x8  
  168  16:05  Zergling x2  
  173  16:27  Zergling x6, Hydralisk  
  173  16:28  Zergling x12, Hydralisk x2  
  183  16:45  Hydralisk x3  
  183  16:46  Zergling x8  
  182  17:17  Queen  
  179  17:29  Hatchery  
  177  17:33  Ultralisk x2  
  177  17:34  Zergling x6  
  158  18:13  Extractor  
  158  18:19  Hydralisk  
  155  18:20  Zergling x2  
  155  18:21  Zergling x48  
Show
View Real Time Build Order
Export as new Build Order

Morpheus Terran 

Build Orders: MMM Bio 

Get SALT Encoding   

  12  0:00  Unknown, SCV  
  13  0:13  SCV  
  14  0:19  Supply Depot  
  14  0:25  SCV  
  15  0:40  SCV  
  15  0:42  Barracks  
  16  0:46  Refinery  
  16  0:52  SCV  
  17  1:04  SCV  
  18  1:17  SCV  
  19  1:29  Orbital Command  
  19  1:32  Barracks Reactor  
  19  1:44  Command Center  
  19  1:55  Supply Depot, SCV  
  20  2:03  Refinery  
  20  2:07  Marine, SCV  
  22  2:09  Marine  
  23  2:20  Barracks  
  23  2:22  SCV  
  24  2:25  Marine  
  24  2:27  Marine  
  26  2:34  SCV  
  27  2:42  Factory  
  27  2:46  Marine, SCV  
  29  2:55  Orbital Command  
  30  2:58  SCV  
  30  3:06  Marine  
  30  3:07  Barracks Tech Lab  
  30  3:10  SCV  
  32  3:17  Marine  
  33  3:22  SCV  
  33  3:24  Marine  
  35  3:27  Starport  
  35  3:28  Factory Reactor  
  35  3:29  SCV  
  35  3:33  Marine  
  37  3:34  SCV  
  37  3:36  Marine  
  37  3:38  Stimpack  
  39  3:43  SCV  
  39  3:47  Supply Depot, SCV  
  41  3:50  Marine  
  41  3:55  SCV  
  43  3:58  Refinery  
  43  4:02  SCV  
  44  4:05  Supply Depot  
  44  4:07  SCV  
  45  4:10  Marine x2  
  45  4:14  Medivac  
  45  4:15  Medivac  
  51  4:17  SCV  
  51  4:18  Marine  
  53  4:24  SCV  
  53  4:27  Widow Mine  
  53  4:30  SCV  
  57  4:32  Engineering Bay  
  57  4:35  Marine x2  
  59  4:44  Supply Depot  
  59  4:46  Supply Depot, SCV x2  
  59  4:52  Marine  
  62  5:01  Command Center  
  62  5:11  SCV x2  
  64  5:18  Terran Infantry Weapons Level 1  
  64  5:20  Missile Turret  
  64  5:22  Barracks  
  64  5:23  SCV  
  64  5:25  Barracks  
  64  5:28  SCV  
  66  5:30  Barracks x2  
  66  5:34  Supply Depot  
  66  5:35  Factory Reactor, Medivac, SCV  
  67  5:37  Medivac  
  67  5:40  Marine  
  72  5:43  Combat Shields  
  72  5:47  Marine  
  73  5:50  SCV  
  73  5:51  SCV  
  75  6:03  SCV  
  76  6:16  Marine x2  
  76  6:17  Barracks Reactor, Barracks Tech Lab  
  76  6:18  Barracks Tech Lab  
  78  6:19  Barracks Tech Lab  
  72  6:35  Marine  
  72  6:36  Marine  
  72  6:37  Marauder x2  
  70  7:06  Marine  
  70  7:07  Marine x4  
  79  7:08  Marauder x2  
  79  7:13  SCV  
  79  7:14  SCV  
  81  7:15  Concussive Shells  
  81  7:16  Marine  
  81  7:18  Orbital Command  
  82  7:24  Medivac, Marine  
  82  7:25  Widow Mine x2, Medivac, Marauder  
  82  7:26  SCV x2  
  97  7:30  Marauder x2  
  97  7:34  Marauder  
  97  7:35  Bunker  
  99  7:38  SCV x2  
  101  7:52  Refinery, Marine x4, SCV x2  
  101  7:53  Marauder  
  101  7:54  Supply Depot x2  
  101  7:55  Supply Depot x2  
  109  8:11  Supply Depot  
  109  8:15  Widow Mine x2, SCV x2  
  109  8:16  Marauder x3, Marine, SCV  
  109  8:18  Marine x3  
  126  8:20  Refinery  
  126  8:24  Supply Depot  
  126  8:26  Supply Depot  
  126  8:28  Supply Depot, SCV x2  
  130  8:34  Supply Depot, Marauder  
  130  8:35  Supply Depot, Missile Turret  
  130  8:37  Marauder  
  130  8:40  Engineering Bay  
  132  8:44  Supply Depot, Armory, Marine, SCV x3  
  132  8:45  Marine x4  
  132  8:46  Marauder  
  132  8:47  Supply Depot  
  142  8:51  Medivac x2  
  142  8:52  Widow Mine x2  
  152  8:55  Marauder  
  152  8:58  Marine, SCV x3  
  152  9:02  Marine  
  156  9:05  Missile Turret  
  157  9:10  SCV x3  
  157  9:16  Liberator x2  
  150  9:24  Marine x2  
  150  9:25  Marauder x3  
  150  9:26  Marauder  
  150  9:29  Marine x2  
  150  9:30  SCV x3  
  171  9:42  Marine, SCV x3  
  175  9:47  Marauder x4  
  183  9:59  Liberator x2  
  183  10:01  Marine x2  
  184  10:08  Marauder  
  180  10:14  Marine x2  
  180  10:15  Marauder  
  183  10:25  Marine x3  
  183  10:26  Marauder  
  188  10:29  Marauder  
  188  10:37  Marauder  
  178  10:54  Marine x2  
  178  10:55  Marine x2  
  178  10:56  Marauder x3  
  187  11:09  Medivac x2  
  174  11:13  SCV  
  174  11:17  Supply Depot, Marine x2  
  174  11:18  Supply Depot  
  177  11:22  Liberator x2, Marine x3  
  177  11:23  Marauder x3  
  186  11:28  Barracks x2  
  186  11:32  Terran Infantry Weapons Level 2, Command Center  
  186  11:33  Terran Infantry Armor Level 1  
  186  11:34  Terran Vehicle Weapons Level 1  
  192  11:41  Marauder  
  192  11:43  Starport  
  192  11:44  Starport  
  192  11:47  Fusion Core  
  200  11:54  Marauder x3  
  177  12:12  Marine x3  
  177  12:13  Marauder  
  186  12:15  Marauder x2  
  186  12:16  Marauder, Marine x3  
  191  12:30  Marine  
  191  12:34  Marauder  
  191  12:36  Marine x2  
  191  12:37  Marauder x2  
  200  12:38  Barracks Tech Lab x2  
  159  12:52  Marine x2  
  159  12:53  Marauder  
  159  12:56  Marauder  
  159  12:58  Marauder x2  
  169  13:02  Marine  
  169  13:03  Marauder x2  
  168  13:15  Marauder  
  168  13:17  Marauder  
  168  13:19  Marauder  
  148  13:20  Marauder  
  148  13:25  Marauder x2  
  146  13:28  Marine x2  
  146  13:31  Missile Turret, Marine x2  
  150  13:36  Marauder  
  150  13:37  Starport Reactor, Starport Tech Lab  
  150  13:38  Medivac x2  
  150  13:39  Marauder  
  150  13:40  Marine  
  150  13:41  Marauder  
  161  13:45  Marine  
  161  13:46  Marauder, Marine x2  
  161  13:47  Planetary Fortress  
  166  13:49  Marine x2  
  168  13:56  Refinery  
  168  13:57  Marauder  
  168  13:59  Marauder  
  168  14:00  Marauder  
  168  14:01  Terran Infantry Weapons Level 3  
  168  14:02  Marine  
  175  14:03  Marine  
  175  14:04  Marine  
  175  14:07  Marauder  
  179  14:16  Medivac x2  
  183  14:19  Marauder  
  185  14:33  Medivac x2  
  187  14:41  Marine x3  
  187  14:42  Marauder x5  
  187  14:43  Command Center  
  168  15:15  Marauder x4  
  168  15:16  Marauder x2  
  148  15:25  Marine  
  148  15:26  Marine x2  
  144  15:32  Medivac x3  
  144  15:33  Marine  
  151  15:36  Marine x2  
  151  15:37  Marauder x3, Marine  
  160  15:45  Marine  
  160  15:46  Marine x2  
  163  15:50  Command Center  
  163  15:55  Marauder x3  
  169  15:58  Marauder x3  
  169  16:00  Planetary Fortress, Refinery  
  175  16:07  Marine  
  176  16:16  Marauder x3  
  176  16:19  Marauder  
  154  17:00  Marine x4  
  160  17:01  Marauder x2  
  160  17:02  Liberator  
  159  17:15  Planetary Fortress  
  147  17:18  Marine x2  
  147  17:19  Marauder x3  
  152  17:23  Marauder x2  
  154  17:32  Marine x2  
  154  17:36  Marauder  
  158  17:40  Marauder x3  
  125  17:45  Marine  
  125  17:46  Marauder, Marine  
  77  17:58  Marine x2  
  70  17:59  Marauder  
  70  18:01  Marauder x2  
  70  18:02  Marauder x2  
  70  18:03  Marine x2  
  77  18:08  Marauder  
  77  18:10  Refinery  
  74  18:16  Marine  
  58  18:20  Marauder  
  58  18:21  Marine x2  
  58  18:22  Marauder  
  58  18:23  Marauder x3  
  54  18:29  Marauder  
  50  18:46  Supply Depot  
Tags
 
Composition
MMM Bio
Matchup
TvZ
Spawn Locations
Cross Positions
Add a new tag
Caveats
  • Supply blocks, unpowered buildings, or Contaminate may cause inaccurate times.
  • Supply counts are checked every 10 seconds.